 Dungeon Crawl Stone Soup version 0.29.1-12-g30fa7ad0bf (webtiles) character file.

Game seed: 2909803788306012162

412 nightchill the Cudgeller (level 6, 0/39 HPs)
             Began as a Gargoyle Warper on Jan 11, 2023.
             Slain by Edmund
             ... wielding a +1 flail of holy wrath
              (8 damage)
             ... on level 4 of the Dungeon.
             The game lasted 00:07:42 (4123 turns).

nightchill the Cudgeller (Gargoyle Warper)          Turns: 4123, Time: 00:07:42

Health: 0/39       AC:  8    Str: 15    XL:     6   Next: 90%
Magic:  9/9        EV: 11    Int: 15    God:
Gold:   236        SH:  0    Dex:  9    Spells: 7/9 levels left

rFire   . . .      SeeInvis .   w - +2 dagger (elec)
rCold   . . .      Faith    .   (no shield)
rNeg    + . .      Spirit   .   b - +0 leather armour
rPois   ∞          Reflect  .   (no helmet)
rElec   +          Harm     .   u - +0 cloak
rCorr   +          Rampage  .   (no gloves)
Will    .....                   (no boots)
Stlth   +.........              x - amulet of the acrobat
HPRegen 0.13/turn               p - ring of resist corrosion
MPRegen 0.11/turn               (no ring)

@: no status effects
A: sickness immunity, AC +4, negative energy resistance 1, electricity
resistance, torment resistance 1, petrification resistance
a: no special abilities


You were on level 4 of the Dungeon.
You visited 1 branch of the dungeon, and saw 4 of its levels.

You collected 236 gold pieces.

Inventory:

Hand Weapons
 a - a +0 mace
 q - a +0 whip of draining
 v - a +0 sling
 w - a +2 dagger of electrocution (weapon)
Missiles
 d - 7 boomerangs of dispersal (quivered)
 s - 5 boomerangs
 D - a throwing net
Armour
 b - a +0 leather armour (worn)
 u - a +0 cloak (worn)
Jewellery
 p - a ring of resist corrosion (left hand)
 x - an amulet of the acrobat (around neck)
 B - a ring of protection from cold
Scrolls
 c - a scroll of blinking
 g - 2 scrolls of amnesia {unknown}
 h - a scroll of teleportation {unknown}
 i - a scroll of butterflies {unknown}
 j - 3 scrolls of identify {unknown}
 n - a scroll of vulnerability {unknown}
 o - 3 scrolls of poison {unknown}
 t - a scroll of brand weapon {unknown}
 y - a scroll of immolation {unknown}
 A - a scroll of magic mapping {unknown}
Potions
 e - a potion of magic {unknown}
 f - a potion of cancellation {unknown}
 l - 2 potions of invisibility {unknown}
 m - 2 potions of heal wounds {unknown}
 r - a potion of degeneration {unknown}
 z - 3 potions of might {unknown}
 C - a potion of haste {unknown}


   Skills:
 + Level 4.7 Fighting
 * Level 5.9 Maces & Flails
 - Level 0.8 Throwing
 - Level 1.1 Armour
 - Level 1.5 Dodging
 - Level 2.0 Spellcasting
 - Level 2.6 Translocations


You had 7 spell levels left.
You knew the following spells:

 Your Spells              Type           Power      Damage    Failure   Level
a - Blink                 Tloc           18%        N/A       14%         2

Your spell library contained the following spells:

 Spells                   Type           Power      Damage    Failure   Level
 Shock                    Conj/Air       4%         1d3       26%         1
 Gell's Gravitas          Tloc           9%         N/A       26%         3
 Lesser Beckoning         Tloc           9%         N/A       26%         3
 Teleport Other           Tloc           9%         N/A       26%         3
 Swiftness                Air            1%         N/A       63%         3
 Manifold Assault         Tloc           9%         N/A       94%         5
 Airstrike                Air            0%         2d(1-17)  95%         4


Dungeon Overview and Level Annotations

Branches:
Dungeon (4/15)
 Temple: D:4-7

Altars:
Wu Jian

Annotations:
D:3 2 runed translucent doors, exclusion: 2 downstairs
D:4 Edmund


Innate Abilities, Weirdness & Mutations

You are immune to sickness and miasma.
Your stone body is resilient. (AC +4)
You are immune to poison.
You resist negative energy. (rN+)
You are resistant to electric shocks. (rElec)
You are resistant to unholy torment.
You are immune to petrification.


Message History

The gnoll hits you with a +0 vampiric hand axe.
You hit the gnoll but do no damage. The gnoll hits you but does no damage.
You hit the gnoll. Lightning courses through the gnoll!
You kill the gnoll!
Okay, then.
Okay, then.
You barely miss Edmund.
Edmund hits you with a +1 flail of holy wrath.
You hit Edmund.
Edmund is lightly wounded.
Edmund hits you with a +1 flail of holy wrath.
* * * LOW HITPOINT WARNING * * *
You hit Edmund.
Edmund is lightly wounded.
Edmund hits you with a +1 flail of holy wrath.
* * * LOW HITPOINT WARNING * * *
You hit Edmund.
Edmund is moderately wounded.
Edmund hits you with a +1 flail of holy wrath.
* * * LOW HITPOINT WARNING * * *
You hit Edmund.
Edmund is moderately wounded.
Edmund hits you but does no damage.
You hit Edmund but do no damage. Lightning courses through Edmund!
Edmund is heavily wounded.
Edmund hits you with a +1 flail of holy wrath.
* * * LOW HITPOINT WARNING * * *
You hit Edmund.
Edmund is severely wounded.
Edmund barely misses you.
You barely miss Edmund.
Edmund is severely wounded.
Edmund barely misses you.
You hit Edmund.
Edmund is severely wounded.
Edmund barely misses you.
You hit Edmund but do no damage.
Edmund is severely wounded.
Edmund hits you with a +1 flail of holy wrath!
You die...

#.......# #.......#
#.......# ####.......#
#..........#
#....).....#
##..........#
##########...........#
................@....#
.[.....#####.###@#####
.......# #.# ..#
.......#####.#....
###..........^.....
....###...#...#....
.##.........#......
..##..##..### #....#
.....## .#


You could see Edmund.

Vanquished Creatures
  A scorpion (D:3)
  A howler monkey (D:4)
  An iguana (D:3)
  13 gnolls
  9 adders
  A worm (D:2)
  4 dart slugs
  4 orcs (D:2)
  A ball python (D:2)
  6 bats
  5 endoplasms
  6 giant cockroaches
  5 goblins
  4 hobgoblins
  4 jackals (D:4)
  A quokka (D:3)
  2 frilled lizards
  2 kobolds
  6 rats
76 creatures vanquished.

Notes
Turn   | Place    | Note
-------+----------+-------------------------------------------
     0 | D:1      | nightchill the Gargoyle Warper began the quest for the Orb.
     0 | D:1      | Reached XP level 1. HP: 12/12 MP: 3/3
   218 | D:1      | Reached XP level 2. HP: 18/18 MP: 5/5
   237 | D:1      | Learned a level 2 spell: Blink
   969 | D:2      | Reached skill level 3 in Maces & Flails
   969 | D:2      | Reached XP level 3. HP: 20/22 MP: 6/6
  1327 | D:2      | Reached XP level 4. HP: 19/28 MP: 7/7
  1553 | D:2      | Found an ornate altar of the Wu Jian Council.
  1738 | D:2      | Reached skill level 4 in Maces & Flails
  2087 | D:3      | Found a large runed translucent door.
  2087 | D:3      | Found a large runed translucent door.
  2437 | D:3      | Found a faded altar of an unknown god.
  2853 | D:3      | Noticed a scorpion
  2868 | D:3      | Killed a scorpion
  2869 | D:3      | Reached XP level 5. HP: 17/33 MP: 4/8
  3088 | D:4      | Noticed Edmund
  3223 | D:4      | Reached skill level 5 in Maces & Flails
  3245 | D:4      | Reached XP level 6. HP: 18/38 MP: 9/9
  4123 | D:4      | Slain by Edmund

Illustrated notes

Levels and vault maps discovered:
D:1:      amcnicky_arrival_gap_in_the_tavern_cellar, layout_basic,
          minmay_tetromino_o2
D:2:      layout_rooms, basic_altar
D:3:      minmay_evil_eye, layout_loops_ring, jmf_multi_god_temple2,
          dreamdust_ecumenical_altar_statues
D:4:      layout_rooms, gammafunk_ghost_necromancy,
          nicolae_shop_sticking_my_neck_out, uniq_edmund

Skill      XL: |  1  2  3  4  5 |
---------------+----------------+-----
Maces & Flails | 3 4 5 |  5.9
Fighting       | 3 4 |  4.7
Throwing       | |  0.8
Armour         | |  1.1
Dodging        | |  1.5
Spellcasting   | |  2.0
Translocations | |  2.6

Action                   |  1- 3 |  4- 6 || total
-------------------------+-------+-------++-------
Melee: Mace              |   100 |     7 ||   107
       Punch             |     3 |     1 ||     4
       Dagger            |       |   228 ||   228
       Whip              |       |    45 ||    45
 Cast: Blink             |       |     2 ||     2
  Use: Potion            |       |     5 ||     5
Armor: Leather armour    |    60 |   136 ||   196
Dodge: Dodged            |    67 |   224 ||   291
